[Event "*** Titled Tuesday Blitz"]
[Site "Chess.com"]
[Date "2018.10.02"]
[Round "2"]
[White "PulpanJ"]
[Black "hypert"]
[Result "1-0"]
[WhiteElo "2602"]
[BlackElo "2339"]
[TimeControl "180+2"]
[EndTime "13:22:37 PDT"]
[Termination "PulpanJ won by resignation"]

1. e4 e5 2. Nf3 Nc6 3. Bc4 Bc5 4. c3 Nf6 5. d4 exd4 6. O-O O-O 7. cxd4 Bb6 8. e5 d5 9. exf6 dxc4 10. fxg7 Re8 11.
d5 Nb4 12. Nc3 Bf5 13. Bg5 f6 14. Bh4 Qd6 15. a3 Nd3 16. Qd2 Kxg7 17. Bg3 Qd7 18. d6 c6 19. Na4 Bd8 20. Ne1 b5 21. Nxd3 Bxd3 22. Nc5 Qf5 23. Nxd3 cxd3 24. Rfd1 Re2 25. Qxd3 Qxd3 26. Rxd3 Bb6 27. b3 c5 28. Rad1 c4 29.
bxc4 bxc4 30. Rc3 Rc8 31. Kf1 Re4 32. f3 Rd4 33. Rxd4 Bxd4 34. d7 Rd8 35. Rxc4 Rxd7 36.
Rc7 Rxc7 37. Bxc7 Bc5 38. a4 Kf7 39. Ke2 Ke6 40. Kd3 Kd5 41. Bf4 f5 42. Be3 Bd6 43.
Bxa7 Bxh2 44. Bf2 h5 45. a5 Bc7 46. a6 Kc6 47. a7 Kb7 48. Kc4 h4 49. Kd5 Bh2 50.
Ke6 f4 51. Kf5 Bg3 52. Bxg3 hxg3 53. Kg4 Kxa7 54. Kxf4 Kb6 55. Kxg3 1-0

[Event "*** Titled Tuesday Blitz"]
[Site "Chess.com"]
[Date "2018.10.02"]
[Round "2"]
[White "Tjktiger"]
[Black "mjray79"]
[Result "1/2-1/2"]
[WhiteElo "2700"]
[BlackElo "2128"]
[TimeControl "180+2"]
[EndTime "13:22:38 PDT"]
[Termination "Game drawn by repetition"]

1. d4 Nf6 2. c4 e6 3. Nc3 Bb4 4.
Nf3 d5 5. Qa4+ Nc6 6. e3 O-O 7. Qc2 Re8 8. cxd5 exd5 9. Bd3 Bg4 10. Nd2 Nxd4 11. Qb1 Nc6 12. O-O d4 13. exd4 Nxd4 14. Nde4 Bxc3 15. Nxc3 Ne2+ 16. Bxe2 Bxe2 17. Nxe2 Rxe2 18.
Bg5 Re5 19. Bf4 Re2 20. Bg5 h6 21. Bh4 Qd4 22. Bxf6 Qxf6 23. b3 Rd8 24. Qc1 Rdd2 25.
Qc5 Rxf2 26. Rxf2 Qxa1+ 27. Rf1 Rd1 28. Rxd1 Qxd1+ 29. Kf2 Qd2+ 30. Kf1 Qd3+ 31. Kf2 Qd6 32. Qxa7 Qb6+ 33. Qxb6 cxb6 34. Ke3 Kf8 35. Kd4 Ke7 36. Ke5 g6 37. g4 f6+ 38. Kd5 h5 39. gxh5 gxh5 40.
h4 Kd7 41. a4 Ke7 42. b4 Kd7 43.
a5 bxa5 44. bxa5 Ke7 45. Kc5 Kd7 46. Kd5 Ke7 47. Kc5 Kd7 48. Kd5 Ke7 1/2-1/2

[Event "*** Titled Tuesday Blitz"]
[Site "Chess.com"]
[Date "2018.10.02"]
[Round "2"]
[White "Quiet_Desperation"]
[Black "chesstatour"]
[Result "0-1"]
[WhiteElo "1900"]
[BlackElo "2009"]
[TimeControl "180+2"]
[EndTime "13:22:38 PDT"]
[Termination "chesstatour won by resignation"]

1. e4 c6 2. Nc3 d5 3. Nf3 dxe4 4. Nxe4 Nf6 5. Nxf6+ gxf6 6. d4 Bg4 7. Bd3 e6 8. c3 Bd6 9. Be3 Qc7 10. h3 Bh5 11. Qe2 Nd7 12. O-O-O O-O-O 13. Kb1 Kb8 14. c4 Bf4 15.
Rc1 Bg6 16. Bxg6 hxg6 17. d5 exd5 18. cxd5 c5 19. Qd2 Bxe3 20. Qxe3 Rhe8 21. Qb3 Qb6 22. Qc3 Qb4 23. Qxb4 cxb4 24. Rhe1 Nb6 25. d6 Rxe1 26. Rxe1 Rxd6 27. Re7 Rd7 28. Re8+ Kc7 29. Re4 a5 30. Nd4 f5 31. Rf4 Nd5 32. Rf3 Nf6 33. Nb3 Ne4 34.
Kc2 a4 35. Na5 Rd2+ 36. Kc1 Rxf2 37. Rd3 Rf1+ 38. Kc2 Rf2+ 39. Kc1 Nc5 40. Rd4 b3 41. axb3 Nxb3+ 42. Nxb3 axb3 43. Rc4+ Kb8 44. Rb4 Rxg2 45. Rxb3 f4 46. Rb6 f5 47. Rb3 Rg3 48. Rb4 f3 49. Rf4 Kc7 50. Kd2 Kd6 51. Ke3 Ke5 52. Rxf3 Rxf3+ 53. Kxf3 g5 54. Kg3 Ke4 55. b4 0-1

[Event "*** Titled Tuesday Blitz"]
[Site "Chess.com"]
[Date "2018.10.02"]
[Round "2"]
[White "ViktorMatviishen"]
[Black "farzadbfd"]
[Result "0-1"]
[WhiteElo "2475"]
[BlackElo "2549"]
[TimeControl "180+2"]
[EndTime "13:22:41 PDT"]
[Termination "farzadbfd won by resignation"]

1. d4 d5 2. c4 e6 3. Nf3 Nf6 4. g3 Bb4+ 5. Bd2 Bd6 6. Nc3 c6 7. Qc2 O-O 8. e4 dxe4 9. Nxe4 Nxe4 10. Qxe4 Nd7 11. Bg2 e5 12. O-O Nf6 13. Qh4 exd4 14. Nxd4 Be5 15. Bc3 Ng4 16. Qxd8 Rxd8 17. Rad1 Bxd4 18.
Bxd4 Be6 19. b3 Nf6 20. Bxa7 Rxd1 21. Rxd1 Nd7 22. Be3 Rxa2 23. b4 Bxc4 24. Bh3 Nf8 25. Bc5 Ne6 26. Bxe6 fxe6 27. Rd7 Bd5 28. f4 Rg2+ 29. Kf1 Rxh2 30. Rxb7 Rg2 31. Bd6 Rxg3 32. Kf2 Rf3+ 33. Ke2 h5 34. Be5 Rg3 35. f5 Rg2+ 36.
Ke3 exf5 37. Kf4 Be4 38. Rb8+ Kh7 39. Ke3 h4 40. Ra8 h3 41. Ra1 g5 42. Rh1 g4 43. Kf4 Kg6 44. Rf1 h2 45. Ke3 Rg1 0-1

[Event "*** Titled Tuesday Blitz"]
[Site "Chess.com"]
[Date "2018.10.02"]
[Round "2"]
[White "alishersuleymenov"]
[Black "AvitalBor"]
[Result "0-1"]
[WhiteElo "2495"]
[BlackElo "2562"]
[TimeControl "180+2"]
[EndTime "13:22:42 PDT"]
[Termination "AvitalBor won by resignation"]

1. d4 e6 2. c4 Bb4+ 3. Bd2 a5 4. g3 Nc6 5. Nf3 d6 6. Bg2 e5 7. O-O exd4 8. Nxd4 Nxd4 9. Bxb4 axb4 10. Qxd4 Nf6 11. c5 dxc5 12. Qxc5 Qe7 13. Rc1 Qxc5 14. Rxc5 c6 15. Rc4 b3 16. Nc3 bxa2 17. Rxa2 Rxa2 18. Nxa2 Be6 19. Ra4 Ke7 20. Nc3 Rd8 21. Ra7 Rd7 22. Kf1 Kd6 23. Ke1 Kc5 24.
Ra5+ Kb4 25. Ra3 Bb3 26. e4 Ng4 27. Bh3 Be6 28. f3 Ne5 29. Bxe6 fxe6 30. Ke2 Nc4 31. Ra2 Kb3 32. Ra7 Nxb2 33. Nb1 Nc4 34. f4 Kb2 35.
Ra4 b5 36. Rb4+ Kc2 37. g4 Rd1 38. Rxc4+ bxc4 39. Na3+ Kc1 40. Nxc4 Rd4 41. Ne3 Rxe4 42. f5 exf5 43. gxf5 Re5 44. Kd3 c5 0-1

[Event "*** Titled Tuesday Blitz"]
[Site "Chess.com"]
[Date "2018.10.02"]
[Round "2"]
[White "jerom555888"]
[Black "Maikrosoft63"]
[Result "1-0"]
[WhiteElo "2702"]
[BlackElo "2549"]
[TimeControl "180+2"]
[EndTime "13:22:50 PDT"]
[Termination "jerom555888 won by resignation"]

1. Nf3 Nf6 2. g3 d5 3. Bg2 c6 4. O-O Bg4 5. Ne5 Bh5 6. d4 Nbd7 7. c4 e6 8. Nc3 Be7 9. Qb3 Qb6 10. Nxd7 Nxd7 11.
e4 Qxb3 12. axb3 dxe4 13. Nxe4 O-O 14. Be3 Bb4 15. Ra4 a5 16. Rc1 Rfd8 17. c5 Nf6 18.
Nd6 b5 19. Rxb4 axb4 20. Bxc6 Ra2 21. Bxb5 Nd5 22. Nc4 Bf3 23. Ba4 h6 24. h4 f6 25.
c6 Kf7 26. c7 Nxc7 27. Nd2 Nd5 28. Nxf3 Nxe3 29. fxe3 Rxb2 30. h5 Re2 31. g4 Rxe3 32. Kf2 Rc3 33. Re1 e5 34. dxe5 Rdd3 35. e6+ Ke7 36. Nh4 Rd2+ 37. Kf1 Rh3 38. Nf5+ Kd8 39. e7+ Kc7 40. Kg1 Rhh2 41. Ne3 Rh3 42. Nf1 Rd4 43. e8=Q Rxg4+ 44. Kf2 1-0

[Event "*** Titled Tuesday Blitz"]
[Site "Chess.com"]
[Date "2018.10.02"]
[Round "2"]
[White "Bauxi435"]
[Black "ruvat"]
[Result "0-1"]
[WhiteElo "2424"]
[BlackElo "2310"]
[TimeControl "180+2"]
[EndTime "13:22:50 PDT"]
[Termination "ruvat won by checkmate"]

1. d4 d6 2. c4 e5 3. Nc3 exd4 4. Qxd4 Nc6 5. Qd2 Nf6 6. b3 a5 7. g3 a4 8. Rb1 axb3 9. axb3 g6 10. Bg2 Bg7 11.
Nh3 Bxh3 12. Bxh3 O-O 13. Bg2 Re8 14. O-O Nd7 15. Bb2 Nc5 16. Qc2 Nb4 17. Qd1 c6 18. Ra1 Qe7 19. Re1 Rxa1 20. Bxa1 Ra8 21. Bf3 Rxa1 22. Qxa1 Nc2 23. Qc1 Nxe1 24. Qxe1 Nxb3 25.
Ne4 Nd4 26. Bg2 f5 27. Nc3 Qe5 28. e3 Ne6 29. Ne2 Qa1 30. Qxa1 Bxa1 31. Kf1 Nc5 32. Ke1 Nd3+ 33. Kf1 Ne5 34. c5 dxc5 35. Nf4 Kf7 36. Ke2 Bc3 37. h3 Ke7 38. e4 fxe4 39. Bxe4 Kd6 40.
h4 b5 41. h5 g5 42. Nh3 h6 43. f4 gxf4 44. gxf4 Ng4 45. Bf5 Nf6 46. Bg6 c4 47.
Nf2 b4 48. Nd1 Bd4 49. Kd2 c5 50. Ne3 Bxe3+ 51. Kxe3 c3 52. Kd3 Nd5 53. f5 Ke5 54. f6 Nxf6 55. Kc4 Ne4 56. Kd3 c4+ 57. Kc2 b3+ 58. Kc1 c2 59. Bh7 Kd4 60. Bg6 Kc3 61.
Bxe4 b2# 0-1

[Event "*** Titled Tuesday Blitz"]
[Site "Chess.com"]
[Date "2018.10.02"]
[Round "2"]
[White "Kouzari"]
[Black "saraswathii"]
[Result "1-0"]
[WhiteElo "2475"]
[BlackElo "2305"]
[TimeControl "180+2"]
[EndTime "13:22:52 PDT"]
[Termination "Kouzari won by resignation"]

1. d4 Nf6 2. c4 g6 3. Nc3 d6 4. e4 Bg7 5. Be2 O-O 6. Be3 Nfd7 7. h4 h5 8. g4 hxg4 9. h5 Nf6 10. hxg6 fxg6 11.
Qd2 e5 12. Bh6 exd4 13. Bxg7 Kxg7 14. Qh6+ Kf7 15. Nd5 Nbd7 16. O-O-O Ne5 17. Rxd4 Be6 18. f4 gxf3 19. Nxf3 Nxf3 20. Bxf3 Bxd5 21. cxd5 Qe7 22. Rg1 Rg8 23. Rc4 Raf8 24. Kb1 Rg7 25. a4 Rfg8 26.
Ka2 a6 27. Bg4 Nxg4 28. Rxg4 Ke8 29. Rg2 Qe5 30. Rgc2 Kd8 31. Qc1 Qe7 32. Qe3 Qd7 33. Qa7 b6 34. Qxa6 g5 35. Rxc7 Qxc7 36. Qa8+ Kd7 37. Rxc7+ Kxc7 38. Qc6+ Kb8 39. Qxd6+ Ka7 40. Qg3 g4 41. e5 Rd7 42. e6 Rxd5 43. Qc7+ 1-0

[Event "*** Titled Tuesday Blitz"]
[Site "Chess.com"]
[Date "2018.10.02"]
[Round "2"]
[White "FearlessKing64"]
[Black "tteshan"]
[Result "1-0"]
[WhiteElo "2216"]
[BlackElo "2026"]
[TimeControl "180+2"]
[EndTime "13:22:57 PDT"]
[Termination "FearlessKing64 won by resignation"]

1. e4 c5 2. Nf3 Nc6 3. d4 cxd4 4. Nxd4 g6 5. c4 Bg7 6. Be3 Nf6 7. Nc3 O-O 8. Be2 d6 9. Qd2 Ng4 10. Bxg4 Bxg4 11. f3 Bd7 12. Rc1 Nxd4 13. Bxd4 Bxd4 14. Qxd4 Qb6 15. Qxb6 axb6 16. a3 e6 17. Ke2 Rfc8 18.
Rhd1 Rxc4 19. Rxd6 Bb5 20. Ke3 Rc6 21. Rcd1 Bc4 22. Rd7 Ba6 23. e5 Rc5 24. f4 Rac8 25. Ne4 Rc2 26. Nf6+ Kg7 27. R1d2 Rxd2 28. Kxd2 Rc4 29.
g3 h5 30. b3 Rc8 31. Ne4 Bb5 32. Rxf7+ Kg8 33. Re7 Rd8+ 34. Ke1 Rd3 35. Rxb7 Re3+ 36.
Kd2 Rxe4 37. Rxb6 Bd7 38. Rd6 Bb5 39. a4 Bf1 40. Rxe6 Rb4 41. Kc3 Rb7 42. Rxg6+ Kf7 43. Rc6 Bg2 44. Rc5 Be4 45. e6+ Kxe6 46. Re5+ 1-0

[Event "*** Titled Tuesday Blitz"]
[Site "Chess.com"]
[Date "2018.10.02"]
[Round "2"]
[White "x-3738459472"]
[Black "lavr92"]
[Result "0-1"]
[WhiteElo "2512"]
[BlackElo "2525"]
[TimeControl "180+2"]
[EndTime "13:22:58 PDT"]
[Termination "lavr92 won by resignation"]

1. e4 e5 2. Nf3 Nc6 3. Bb5 Nf6 4. O-O Nxe4 5. d4 Nd6 6. dxe5 Nxb5 7. a4 Nbd4 8. Nxd4 Nxd4 9. Qxd4 d5 10. exd6 Qxd6 11. Qe3+ Be6 12. Na3 a6 13. Bd2 Qc5 14. Qg3 O-O-O 15.
Bf4 Be7 16. Qxg7 Rdg8 17. Qe5 Qc6 18. Bg3 h5 19. Rfd1 h4 20. Nb5 Bc5 21. Qxc7+ Qxc7 22. Bxc7 axb5 23. Bf4 b4 24. a5 Rg4 25. Be5 Rhg8 26.
g3 Re4 27. Bd6 Bd4 28. c3 bxc3 29. bxc3 Bf6 30. a6 bxa6 31. Rxa6 Rg6 32. Rb6 Bc4 33. Rc6+ Kd7 34. Rc7+ Ke6 35. Rc6 Kf5 36. Rc5+ Kg4 37. Kg2 h3+ 38. Kg1 Be2 39. Re1 Bf3 40. Rxe4+ Bxe4 41. Rc4 Kf3 42. Ra4 Bg5 43. c4 Rxd6 44. Ra3+ Rd3 45. Rxd3+ Bxd3 46. c5 Bb5 47. c6 Bxc6 0-1

[Event "*** Titled Tuesday Blitz"]
[Site "Chess.com"]
[Date "2018.10.02"]
[Round "2"]
[White "pedromartinez91"]
[Black "TST2014"]
[Result "1/2-1/2"]
[WhiteElo "2366"]
[BlackElo "2469"]
[TimeControl "180+2"]
[EndTime "13:22:59 PDT"]
[Termination "Game drawn by repetition"]

1. e4 c5 2. Nf3 Nc6 3. Bb5 g6 4. O-O Bg7 5. Bxc6 dxc6 6. d3 Nf6 7. h3 O-O 8. Nc3 b6 9. Be3 Nd7 10. Qd2 e5 11. Bh6 Re8 12. Bxg7 Kxg7 13. Nh2 Nf8 14. f4 exf4 15. Qxf4 f6 16. Rf2 Ne6 17. Qh4 f5 18. Qxd8 Nxd8 19. exf5 Bxf5 20. g4 Bd7 21. Raf1 Be6 22.
Nf3 Nf7 23. b3 Re7 24. Ne4 h6 25. Kh2 Bd5 26. Nfd2 Rd8 27. Kg3 Ne5 28. Nf6 Bf7 29. Nde4 Nd7 30. h4 Nxf6 31. Rxf6 Bd5 32. h5 Bxe4 33.
dxe4 gxh5 34. gxh5 Rd2 35. Rg6+ Kh7 36. Rff6 Rxc2 37. Rxh6+ Kg7 38. Rhg6+ Kh7 39. Rh6+ Kg7 40. Rfg6+ Kf7 41. Rh7+ Ke8 42. Rxe7+ Kxe7 43. Rg7+ Kf6 44. Rxa7 c4 45. bxc4 Rxc4 46. Kf4 Rc5 47. Ra6 Rxh5 48. Rxb6 Rh4+ 49. Ke3 Ke5 50. Rxc6 Rh3+ 51. Kd2 Rh2+ 52.
Kd3 Rxa2 53. Rc5+ Kd6 54. Rh5 Ra3+ 55. Kd4 Ra4+ 56. Ke3 Ra1 57. Rd5+ Ke6 58. Rb5 Re1+ 59. Kd4 Rd1+ 60. Ke3 Re1+ 61. Kf3 Rf1+ 62. Ke2 Ra1 63. Ke3 Re1+ 1/2-1/2

[Event "*** Titled Tuesday Blitz"]
[Site "Chess.com"]
[Date "2018.10.02"]
[Round "2"]
[White "raviteja81293"]
[Black "Fedor_Dvenyatin"]
[Result "1-0"]
[WhiteElo "2575"]
[BlackElo "2716"]
[TimeControl "180+2"]
[EndTime "13:23:01 PDT"]
[Termination "raviteja81293 won on time"]

1. d4 Nf6 2. Nf3 g6 3. Nc3 d5 4. Bf4 Bg7 5. e3 O-O 6. Be2 c5 7. dxc5 Qa5 8. Nd2 Qxc5 9. Nb3 Qb6 10. Nb5 Na6 11. O-O Nh5 12. Bxh5 gxh5 13. Qxd5 e6 14. Qc4 Bd7 15. a4 Rac8 16. Qe2 Bxb2 17. Rab1 Bg7 18.
Qxh5 Rxc2 19. Bh6 Bxh6 20. Qxh6 e5 21. Qg5+ Qg6 22. Qxe5 Rc4 23. Nxa7 Bc6 24. Nxc6 bxc6 25. a5 Rb8 26. Nd2 Rxb1 27. Nxb1 Rc5 28. Qd4 h6 29. Nd2 Kh7 30. Ne4 Rf5 31. Ra1 c5 32. Qd7 Re5 33. Nd6 Kg7 34. Ne8+ Kf8 35. Nc7 Rg5 36. g3 Qf6 37. Rf1 Re5 38. Qc8+ Kg7 39. Ne8+ Rxe8 40. Qxe8 c4 41. Qc8 c3 42. Rc1 Kh7 43. Qxc3 1-0

[Event "*** Titled Tuesday Blitz"]
[Site "Chess.com"]
[Date "2018.10.02"]
[Round "2"]
[White "Caterpiller35"]
[Black "AkibaRubi"]
[Result "1-0"]
[WhiteElo "2338"]
[BlackElo "2516"]
[TimeControl "180+2"]
[EndTime "13:23:03 PDT"]
[Termination "Caterpiller35 won by checkmate"]

1. d4 Nf6 2. Bg5 d6 3. Bxf6 exf6 4. c4 g6 5. Nc3 Bg7 6. g3 f5 7. e3 O-O 8. Nge2 Re8 9. Bg2 c6 10. O-O Nd7 11. b4 Nf6 12. Qd3 d5 13. cxd5 Nxd5 14.
Nxd5 cxd5 15. Qb3 Be6 16. Nf4 Qd7 17. Bxd5 Rac8 18. Rac1 Bh6 19. Bxe6 fxe6 20. Nd3 Bg7 21. Rc5 b6 22. Rxc8 Rxc8 23. Rc1 Rxc1+ 24. Nxc1 Qc6 25. Nd3 Kf7 26. h4 Ke7 27. b5 Qd5 28. Qxd5 exd5 29. a4 Kd6 30. Kf1 h6 31. Ke2 g5 32. hxg5 hxg5 33. Kf3 g4+ 34. Kf4 Ke6 35. Kg5 Bf6+ 36. Kg6 Be7 37. Nf4+ Kd6 38. Kxf5 Bf8 39. Kxg4 Bh6 40. Kf5 Bxf4 41. Kxf4 Ke6 42. g4 Kf6 43. g5+ Kg6 44. Kg4 Kg7 45. f4 Kf7 46. f5 Kg8 47. Kf4 Kf7 48. Ke5 Ke7 49. Kxd5 Kf7 50. e4 Ke7 51. e5 Kf7 52. g6+ Kg7 53.
Ke6 Kf8 54. f6 Kg8 55. Ke7 Kh8 56. f7 Kg7 57. f8=Q+ Kxg6 58. Qf6+ Kh5 59. Qg7 Kh4 60. Kf6 Kh3 61. Kf5 a5 62. Kf4 Kh2 63. Kf3 Kh1 64.
Qg2# 1-0

[Event "*** Titled Tuesday Blitz"]
[Site "Chess.com"]
[Date "2018.10.02"]
[Round "2"]
[White "TrimitziosP7"]
[Black "RichardABates"]
[Result "1-0"]
[WhiteElo "2568"]
[BlackElo "2334"]
[TimeControl "180+2"]
[EndTime "13:23:11 PDT"]
[Termination "TrimitziosP7 won by resignation"]

1. d4 Nf6 2. c4 e6 3. Nc3 Bb4 4. Qc2 Nc6 5. Nf3 d6 6. a3 Bxc3+ 7. Qxc3 Qe7 8. b4 e5 9. d5 Nb8 10. e3 O-O 11. Be2 c6 12. Qb3 cxd5 13. cxd5 Nbd7 14.
Nd2 Nb6 15. e4 Bg4 16. f3 Bd7 17. O-O Rfc8 18. a4 Be8 19. a5 Nbd7 20. Nc4 b5 21.
Ne3 g6 22. Bxb5 Rab8 23. Bc6 Nc5 24. Qa3 Bxc6 25. bxc5 Bb5 26. cxd6 Qd8 27. Re1 Ba6 28. Bb2 Nd7 29. Rac1 Rb5 30. Rxc8 Qxc8 31. Rc1 Qb8 32. Bc3 Rb3 33. Qa2 Qb5 34. Qd2 Qc5 35. Kh1 Qxd6 36. h3 Nc5 37. Qc2 Rb5 38. Ng4 f6 39. Be1 h5 40.
Ne3 Nb3 41. Qc6 Qxc6 42. Rxc6 Bb7 43. Rxf6 Kg7 44. Rd6 Nd4 45. Bg3 Rb1+ 46. Kh2 Kf7 47. Bxe5 Ne2 48. Rf6+ Ke7 49. Rxg6 h4 50. Nf5+ Kd7 51.
Rg7+ Kd8 52. Bf6+ 1-0

[Event "*** Titled Tuesday Blitz"]
[Site "Chess.com"]
[Date "2018.10.02"]
[Round "2"]
[White "W_Amadeus"]
[Black "Anton_Demchenko"]
[Result "0-1"]
[WhiteElo "2615"]
[BlackElo "2831"]
[TimeControl "180+2"]
[EndTime "13:23:13 PDT"]
[Termination "Anton_Demchenko won by resignation"]

1. e4 e5 2. Nf3 Nc6 3. Bb5 a6 4.
Ba4 Nge7 5. c3 d6 6. d4 Bd7 7. O-O h6 8. d5 Nb8 9. c4 Ng6 10. Nc3 Be7 11. Ne1 O-O 12. Bxd7 Nxd7 13. b3 Nf6 14.
Nd3 Qd7 15. Be3 Ng4 16. Bd2 f5 17. f3 Nf6 18. Qe2 f4 19. Be1 Nh7 20. Kh1 Bh4 21.
c5 Bxe1 22. Raxe1 Rf7 23. Qf2 Ne7 24. Rc1 g5 25. cxd6 cxd6 26. Na4 Raf8 27. Nb6 Qd8 28. Rc2 Rg7 29. Rfc1 Ng6 30. Rc8 Qf6 31. Rxf8+ Ngxf8 32. Qe2 h5 33. Nf2 Qd8 34. Na4 Nf6 35. Qc2 g4 36. Nd3 h4 37. Qc8 Qe7 38. Qf5 h3 39.
gxh3 gxf3 40. Nb6 N6h7 41. Rc8 Rg5 42. Rxf8+ Nxf8 43. Qc8 Qg7 0-1

[Event "*** Titled Tuesday Blitz"]
[Site "Chess.com"]
[Date "2018.10.02"]
[Round "2"]
[White "MFBerna"]
[Black "RiskyDecision"]
[Result "1-0"]
[WhiteElo "2407"]
[BlackElo "2397"]
[TimeControl "180+2"]
[EndTime "13:23:14 PDT"]
[Termination "MFBerna won on time"]

1. e4 e6 2. d4 d5 3. exd5 exd5 4.
Qf3 Nc6 5. c3 Nge7 6. Bd3 Be6 7.
Ne2 Qd7 8. Bf4 Ng6 9. Bg3 Bd6 10. Bxd6 Qxd6 11. Nd2 Nh4 12. Qg3 Qxg3 13. hxg3 Nf5 14. O-O-O Nce7 15. Nf4 Bd7 16. Rde1 c6 17. Re2 Kd8 18.
Nf3 h6 19. Ne5 Nd6 20. g4 Re8 21. Nh5 Rg8 22. Rhe1 Nec8 23. f3 Kc7 24. Bh7 Rh8 25. Bc2 g6 26. Nf6 Be6 27. Nxg6 fxg6 28. Rxe6 g5 29.
Nh5 b5 30. Ng3 a5 31. Nf5 h5 32. Rh1 h4 33. Rhe1 h3 34. gxh3 Rxh3 35. Rg6 Rxf3 36. Nxd6 Nxd6 37. Re7+ Kd8 38. Rh7 Rf1+ 39. Kd2 Nc4+ 40.
Ke2 Rf8 41. Bf5 Re8+ 42. Kf2 Nb6 43. Rxc6 1-0

[Event "*** Titled Tuesday Blitz"]
[Site "Chess.com"]
[Date "2018.10.02"]
[Round "2"]
[White "nearestway"]
[Black "fancyknightmaneuvers"]
[Result "0-1"]
[WhiteElo "2539"]
[BlackElo "2500"]
[TimeControl "180+2"]
[EndTime "13:23:15 PDT"]
[Termination "fancyknightmaneuvers won by resignation"]

1. c4 e6 2. Nf3 d5 3. g3 Nf6 4.
Bg2 dxc4 5. Na3 a6 6. Nxc4 b5 7. Nce5 Bb7 8. O-O Be7 9. d4 O-O 10. a4 Nbd7 11. Bg5 c5 12. Nxd7 Nxd7 13. Bxe7 Qxe7 14.
axb5 axb5 15. dxc5 Nxc5 16. Qd4 Nb3 17. Rxa8 Nxd4 18.
Rxf8+ Kxf8 19. Nxd4 Bxg2 20. Kxg2 Qb4 21. e3 Qxb2 22. Rd1 g6 23. Rd3 e5 24. Nc6 b4 25.
Rd8+ Kg7 26. Rb8 Qc2 27. Nxb4 Qc7 28. Rb5 Qc4 29. Rb8 h5 30. h4 Qc5 31. Kg1 Qc1+ 32.
Kg2 Qc4 33. Kg1 Kf6 34. Rb6+ Kf5 35. Nc6 Qc5 36. Ra6 Qb5 37. Ne7+ Kg4 38. Ra1 Kh3 39. Rf1 Qb7 40. f3 Qxe7 41. Kf2 Kh2 42. Rg1 Qb4 43. Re1 Qd2+ 44. Re2 Qxe2+ 45. Kxe2 Kxg3 0-1

[Event "*** Titled Tuesday Blitz"]
[Site "Chess.com"]
[Date "2018.10.02"]
[Round "2"]
[White "51616516516"]
[Black "evgenysharapov"]
[Result "0-1"]
[WhiteElo "2294"]
[BlackElo "2455"]
[TimeControl "180+2"]
[EndTime "13:23:18 PDT"]
[Termination "evgenysharapov won on time"]

1. d4 d5 2. c4 c6 3. Nc3 Nf6 4. Nf3 e6 5. Bg5 Nbd7 6. e3 Be7 7. Bd3 O-O 8. O-O b6 9. b3 Bb7 10. Rc1 Rc8 11. Qe2 h6 12. Bh4 c5 13. Rfd1 cxd4 14.
Nxd4 a6 15. cxd5 Nxd5 16. Bxe7 Qxe7 17. Nxd5 Bxd5 18. Bxa6 Rxc1 19. Rxc1 Qg5 20. f4 Qf6 21. Bc4 Ba8 22. Rd1 e5 23. Nf3 Qe7 24. Qd2 Bxf3 25.
gxf3 Nc5 26. fxe5 Qxe5 27. Qd4 Qf5 28. Kf2 Re8 29. Bd3 Qh3 30. Qf4 g5 31. Qg3 Qe6 32. f4 Qf6 33. h4 Qb2+ 34. Kg1 Nxd3 35. hxg5 h5 36. g6 f6 37. g7 Qe2 38. Rf1 Qxe3+ 39.
Qxe3 Rxe3 0-1

[Event "*** Titled Tuesday Blitz"]
[Site "Chess.com"]
[Date "2018.10.02"]
[Round "2"]
[White "Buffy7"]
[Black "Keranke"]
[Result "0-1"]
[WhiteElo "2635"]
[BlackElo "2784"]
[TimeControl "180+2"]
[EndTime "13:23:22 PDT"]
[Termination "Keranke won by resignation"]

1. d4 g6 2. Nf3 Bg7 3. e3 d6 4.
Be2 Nd7 5. O-O e5 6. dxe5 dxe5 7. Nc3 Ne7 8. e4 O-O 9. Be3 c6 10. Qd6 Nb6 11. Qa3 Bg4 12. Rad1 Qc7 13. Bc5 Nbc8 14.
h3 Bxf3 15. Bxf3 Re8 16. Bg4 f5 17. Be2 b6 18. Bc4+ Kh8 19. Bd6 Nxd6 20. Qxd6 Qxd6 21. Rxd6 b5 22. Be6 b4 23. Na4 fxe4 24. Nc5 Nf5 25. Rxc6 Nd4 26. Ra6 Bf8 27. Bd5 Bxc5 28. Bxa8 Rxa8 29.
Re1 Bb6 30. Rxe4 Rc8 31. Rxe5 Rxc2 32. b3 Nf5 33. Rxb6 axb6 34. Rb5 Rc6 35. Rxb4 Kg7 36. a4 Kf6 37. g3 Ke6 38. Kg2 Kd6 39. h4 Ne7 40.
Rb5 Nd5 41. Kh3 Rc5 42. Rxc5 Kxc5 43. Kg4 Kb4 44. Kg5 Kxb3 45. Kh6 Kxa4 46. Kxh7 Ne7 47. f4 b5 48. g4 b4 49. f5 gxf5 50. g5 b3 51. h5 b2 52. g6 b1=Q 53. g7 Qb8 54.
Kh6 Qg8 55. Kg5 Qxg7+ 0-1

[Event "*** Titled Tuesday Blitz"]
[Site "Chess.com"]
[Date "2018.10.02"]
[Round "2"]
[White "MaestroASK"]
[Black "lucasmito"]
[Result "1-0"]
[WhiteElo "2440"]
[BlackElo "2404"]
[TimeControl "180+2"]
[EndTime "13:23:24 PDT"]
[Termination "MaestroASK won by resignation"]

1. d4 Nf6 2. Bg5 Ne4 3. Be3 d5 4. Nd2 Nxd2 5. Qxd2 g6 6. Bh6 Bf5 7. Bxf8 Kxf8 8. Nf3 Kg7 9. h3 Nc6 10. c3 Qd6 11.
Nh4 Bd7 12. f4 g5 13. Nf3 Qxf4 14. Qxf4 gxf4 15. Kf2 f6 16. Rd1 Rad8 17. Ne1 Bf5 18. Nd3 e5 19. Nc5 e4 20. Rg1 b6 21. Na6 Rd7 22.
g3 fxg3+ 23. Rxg3+ Bg6 24. e3 Ne7 25. Be2 c6 26.
Rdg1 Nf5 27. R3g2 Kh6 28. Nb4 Rc7 29. Na6 Rd7 30. Bg4 Rd6 31. Bxf5 Bxf5 32. Nb4 a5 33. Nc2 Bg6 34. Rg4 Rf8 35. Ne1 f5 36. Rh4+ Kg7 37.
Ng2 c5 38. Nf4 c4 39. Rh5 b5 40. Rhg5 b4 41. h4 Kh6 42. h5 Be8 43. a3 bxa3 44. bxa3 Bf7 45. Rxf5 Rb6 46. Rgg5 Rb2+ 47. Kg3 Rb3 48.
Kh4 Rxc3 49. Rf6+ 1-0

[Event "*** Titled Tuesday Blitz"]
[Site "Chess.com"]
[Date "2018.10.02"]
[Round "2"]
[White "MatthewG-p4p"]
[Black "Witik"]
[Result "0-1"]
[WhiteElo "2676"]
[BlackElo "2560"]
[TimeControl "180+2"]
[EndTime "13:23:29 PDT"]
[Termination "Witik won by resignation"]

1. Nf3 Nf6 2. g3 d5 3. Bg2 c6 4. c4 Bg4 5. O-O Nbd7 6. b3 e6 7. Bb2 Be7 8. d4 Ne4 9. Nbd2 f5 10. h3 Bh5 11. Re1 O-O 12. a3 Qc7 13. Ne5 Nxe5 14. dxe5 Bc5 15. Nxe4 fxe4 16. Bd4 Bxd4 17. Qxd4 Bg6 18.
cxd5 exd5 19. f4 exf3 20. exf3 Qb6 21. Qxb6 axb6 22. f4 Bc2 23. b4 d4 24. Kf2 Ra4 25.
Ke2 Rfa8 26. Kd2 Rxa3 27. Rxa3 Rxa3 28. Kxc2 Ra2+ 29. Kd3 Rxg2 30. g4 c5 31. bxc5 bxc5 32. Rb1 Rg3+ 33. Ke4 Re3+ 34. Kd5 d3 35. Kxc5 d2 36. Rd1 g5 37. fxg5 Rxe5+ 38. Kd6 Re2 39. Kc5 Kg7 40. Kd4 Kg6 41. h4 Rg2 42. Ke3 Rxg4 43.
Rxd2 Rxh4 44. Rd5 Rb4 45. Kd3 Kh5 46. Re5 Rb1 47. Rd5 Kg6 48. Re5 Rg1 49. Rb5 Rxg5 50. Rxb7 Re5 51. Kd4 Re8 52. Rb5 h5 53. Re5 Rxe5 54.
Kxe5 Kg5 55. Ke4 Kg4 56. Ke3 Kg3 0-1

[Event "*** Titled Tuesday Blitz"]
[Site "Chess.com"]
[Date "2018.10.02"]
[Round "2"]
[White "David_Paravyan"]
[Black "Federtiu"]
[Result "0-1"]
[WhiteElo "2814"]
[BlackElo "2617"]
[TimeControl "180+2"]
[EndTime "13:23:30 PDT"]
[Termination "Federtiu won by resignation"]

1. e4 g6 2. d4 Bg7 3. a4 d5 4. e5 c5 5. dxc5 Nc6 6. Bb5 a6 7. Bxc6+ bxc6 8. Nf3 Qa5+ 9. c3 Qxc5 10. Be3 Qa5 11. b4 Qc7 12. Qd2 Bg4 13. Nd4 Bxe5 14. h3 Bd7 15. O-O Nf6 16. Bh6 Ne4 17. Qe3 g5 18. Bxg5 Bxh3 19. Qxh3 Nxg5 20. Qd3 Rg8 21. Nd2 Rg6 22. N4f3 Nh3+ 23. Kh1 Nf4 24. Qe3 Bd6 25. g3 Ne6 26. Nh4 Rf6 27. Nb3 Qd7 28. Kg2 O-O-O 29. b5 Nf4+ 30. Kg1 Qh3 31. Rfe1 Rg8 32. Qf3 Qxh4 33.
Kf1 Qh3+ 34. Kg1 Qh6 35. Qe3 Nh3+ 36. Kh2 Rxf2+ 37. Kh1 Qxe3 38. Rxe3 Bxg3 39. Rxg3 Rxg3 40. bxa6 Rgg2 0-1